 Dungeon Crawl Stone Soup version 0.29-a0-753-gb7bb9d756e (webtiles) character file.

Game seed: 14533357093659096295

421 Nattfarinn the Stinger (level 6, -1/32 HPs)
             Began as a Deep Elf Venom Mage on June 30, 2022.
             Was an Initiate of Vehumet.
             Slain by an ice beast (13 damage)
             ... on level 5 of the Dungeon.
             The game lasted 00:07:50 (5112 turns).

Nattfarinn the Stinger (Deep Elf Venom Mage)        Turns: 5112, Time: 00:07:51

Health: -1/32      AC:  2    Str:  5    XL:     6   Next: 62%
Magic:  11/16      EV: 12    Int: 22    God:    Vehumet [......]
Gold:   228        SH:  0    Dex: 15    Spells: 6/16 levels left

rFire   . . .      SeeInvis .   x - staff of conjuration
rCold   . . .      Faith    .   (no shield)
rNeg    . . .      Spirit   .   a - +0 robe
rPois   .          Reflect  .   (no helmet)
rElec   .          Harm     .   (no cloak)
rCorr   .          Rampage  .   (no gloves)
Will    .....                   (no boots)
Stlth   ++........              (no amulet)
HPRegen 0.10/turn               (no ring)
MPRegen 0.15/turn               (no ring)

@: no status effects
A: no striking features
a: Renounce Religion


You were on level 5 of the Dungeon.
You worshipped Vehumet.
Vehumet was noncommittal.
You visited 2 branches of the dungeon, and saw 6 of its levels.

You collected 228 gold pieces.

Inventory:

Armour
 a - a +0 robe (worn)
Magical Staves
 x - a staff of conjuration (weapon)
Jewellery
 g - a ring of protection from fire
 v - a ring of flight
Scrolls
 c - 2 scrolls of teleportation
 f - 2 scrolls of brand weapon {unknown}
 h - a scroll of noise {unknown}
 i - 6 scrolls of identify {unknown}
 j - 2 scrolls of magic mapping {unknown}
 m - a scroll of summoning {unknown}
 o - a scroll of enchant armour {unknown}
 p - 2 scrolls of amnesia {unknown}
 q - 3 scrolls of blinking {unknown}
 t - a scroll of fog {unknown}
Potions
 b - 2 potions of magic
 d - 2 potions of lignification {unknown}
 e - 2 potions of attraction {unknown}
 k - a potion of berserk rage {unknown}
 l - a potion of mutation {unknown}
 n - 2 potions of curing {unknown}
 r - a potion of degeneration {unknown}
 s - a potion of ambrosia {unknown}
 u - a potion of haste {unknown}
 w - a potion of might {unknown}


   Skills:
 - Level 2.4 Dodging
 - Level 2.4 Stealth
 + Level 5.9 Spellcasting
 - Level 1.1 Transmutations
 * Level 7.0 Poison Magic


You had 6 spell levels left.
You knew the following spells:

 Your Spells              Type           Power      Damage    Failure   Level
a - Sting                 Tmut/Pois      96%        1d7       1%          1
b - Poisonous Vapours     Pois/Air       44%        N/A       3%          2
c - Olgreb's Toxic Radia  Pois           37%        N/A       4%          4
d - Mephitic Cloud        Conj/Pois/Air  25%        N/A       11%         3

Your spell library contained the following spells:

 Spells                   Type           Power      Damage    Failure   Level


Dungeon Overview and Level Annotations

Branches:
Dungeon (5/15)             Temple (1/1) D:4

Altars:
Elyvilon
Gozag
Makhleb
Nemelex Xobeh
Ru
Sif Muna
Trog
Vehumet
Xom

Shops:
D:2 (   D:5 (


Message History

The ice beast looks even sicker.
The ice beast is lightly wounded.
The ice beast misses you.
The sting misses the ice beast.
The ice beast barely misses you.
The sting hits the ice beast.
The ice beast partially resists.
The ice beast is moderately wounded.
The ice beast hits you. The ice beast freezes you!
Okay, then.
As you read the scroll labelled YNECEL KIECI, it crumbles to dust.
You feel strangely unstable.
It was a scroll of teleportation.
The ice beast barely misses you.
Unknown command.
Your surroundings suddenly seem different.
You start resting.
Magic restored.
You start resting.
HP restored.
The sting hits the ice beast.
The ice beast partially resists.
The ice beast is moderately wounded.
The sting hits the ice beast but does no damage.
The ice beast is poisoned.
The ice beast is moderately wounded.
The sting hits the ice beast but does no damage.
The ice beast looks even sicker.
The ice beast is moderately wounded.
The ice beast barely misses you.
The sting hits the ice beast but does no damage.
The ice beast looks even sicker.
The ice beast is moderately wounded.
The ice beast closely misses you.
The sting hits the ice beast.
The ice beast looks as sick as possible!
The ice beast is moderately wounded.
The ice beast hits you. The ice beast freezes you!
You are too injured to fight recklessly!
You are too injured to fight recklessly!
Unknown command.
The ice beast attacks as you move away! The ice beast hits you.
The ice beast freezes you!
You die...

#)..### #....>....##........##...
###.#####.............##.#.....##
# #.....#..........###[....[#####
#######..........................
...# #######..........#.#)###).#
##.#########.......##..#.#.####..
#..................##......#####
#.##########.##Y#......#....####
#.## ####@##..##..........
##..######## #...##..#####..#.##<
#..........# #.####..####.....##.
#......<...###.# #...#...###.##.
#..............# ##......# #...#
#..............# #.#....# ###..
#..............# #......######.
#..............# ####...##.....
#..............# #...#..####


You could see an ice beast (extremely poisoned).

Vanquished Creatures
  A scorpion (D:4)
  A bullfrog (D:5)
  2 hounds (D:5)
  An orc priest (D:5)
  Jessica (D:2)
  3 orc wizards (D:5)
  3 adders
  2 worms
  12 orcs
  5 bats
  6 endoplasms
  2 giant cockroaches
  2 goblins
  7 hobgoblins
  2 jackals (D:4)
  5 quokkas
  2 ball pythons
  5 frilled lizards
  8 kobolds
  3 rats
73 creatures vanquished.

Notes
Turn   | Place    | Note
-------+----------+-------------------------------------------
     0 | D:1      | Nattfarinn the Deep Elf Venom Mage began the quest for the
                  | Orb.
     0 | D:1      | Reached XP level 1. HP: 10/10 MP: 6/6
   544 | D:1      | Reached XP level 2. HP: 15/15 MP: 4/8
   901 | D:1      | Reached skill level 4 in Poison Magic
  1422 | D:2      | Found Faunn's Weapon Emporium.
  1433 | D:2      | Reached XP level 3. HP: 19/19 MP: 2/10
  1658 | D:2      | Noticed Jessica
  1663 | D:2      | Killed Jessica
  1664 | D:2      | Reached XP level 4. HP: 21/24 MP: 8/12
  1986 | D:2      | Found a faded altar of an unknown god.
  2211 | D:3      | Reached skill level 5 in Poison Magic
  2377 | D:3      | Noticed a necrophage
  2508 | D:2      | Learned a level 2 spell: Poisonous Vapours
  2513 | D:2      | Learned a level 4 spell: Olgreb's Toxic Radiance
  2517 | D:2      | Learned a level 3 spell: Mephitic Cloud
  2840 | D:4      | Noticed a scorpion
  2849 | D:4      | Killed a scorpion
  2850 | D:4      | Reached XP level 5. HP: 14/28 MP: 8/14
  3382 | D:4      | Found a staircase to the Ecumenical Temple.
  3454 | D:4      | Found a bloodstained altar of Trog.
  3819 | Temple   | Entered the Ecumenical Temple
  3944 | Temple   | Became a worshipper of Vehumet
  3994 | D:5      | Entered Level 5 of the Dungeon
  4041 | D:5      | Reached skill level 5 in Spellcasting
  4041 | D:5      | Reached skill level 6 in Poison Magic
  4152 | D:5      | Reached XP level 6. HP: 32/32 MP: 6/16
  4500 | D:5      | Found Ischesk's Antique Weapon Shop.
  4577 | D:5      | Reached skill level 7 in Poison Magic
  4732 | D:5      | Noticed an ice beast
  5112 | D:5      | Slain by an ice beast

Illustrated notes

Levels and vault maps discovered:
D:1:      minmay_arrival_four_houses, layout_basic, hex_large,
          minmay_misc_feat_encased, lemuel_old_faithful
D:2:      layout_rooms, serial_shops, shop_statue,
          dilly_ecumenical_altar_fadedgnrine, amcnicky_mini_corridor_feature,
          uniq_jessica
D:3:      layout_loops_cross
D:4:      layout_basic, mainiacjoe_overflow_concentric_impassable,
          minmay_temple_entry_junction
D:5:      layout_rooms, serial_shops, shop
Temple:   minmay_temple_forest_path

Skill      XL: |  1  2  3  4  5  6 |
---------------+-------------------+-----
Poison Magic   | 4 5 6 7 |  7.0
Spellcasting   | 4 5 |  5.9
Dodging        | |  2.4
Stealth        | |  2.4
Transmutations | |  1.1

Action                   |  1- 3 |  4- 6 || total
-------------------------+-------+-------++-------
Melee: Unarmed           |     6 |       ||     6
       Staff             |       |     2 ||     2
 Cast: Sting             |    61 |    84 ||   145
       Olgreb's Toxic Ra |       |     8 ||     8
       Poisonous Vapours |       |     3 ||     3
       Mephitic Cloud    |       |     1 ||     1
  Use: Scroll            |       |     1 ||     1
Armor: Robe              |     4 |     4 ||     8
Dodge: Dodged            |    21 |    27 ||    48

Table legend: (Time is in decaauts)
 A = Elapsed time spent in this place.
 B = Non-inter-level travel time spent in this place.
 C = Inter-level travel time spent in this place.
 D = Time resting spent in this place.
 E = Time spent auto-exploring this place.
 F = Levels seen in this place.
 G = Mean time per level.
                   A        B        C        D        E       F      G
               +--------+--------+--------+--------+--------+-----+--------+
         Total |   5115 |   4905 |    210 |    753 |   3583 |   6 |  852.5 |
       Dungeon |   4950 |   4790 |    160 |    753 |   3475 |   5 |  990.0 |
        Temple |    164 |    115 |     49 |      0 |    108 |   1 |  164.0 |
               +--------+--------+--------+--------+--------+-----+--------+

Top non-repeatable levels by time:
     D:1: 1315 daAuts
     D:4: 1193 daAuts
     D:5: 999 daAuts
     D:2: 932 daAuts
     D:3: 510 daAuts
  Temple: 164 daAuts
